 Dungeon Crawl Stone Soup version 0.30.1-9-gdf580d7c3d (webtiles) character file.

Game seed: 6534455714803418618

81 monsoonserge the Digger (level 4, 0/24 HPs)
             Began as a Gargoyle Earth Elementalist on Sept 30, 2023.
             Slain by an orc wizard
             ... wielding a +0 dagger
              (3 damage)
             ... on level 3 of the Dungeon.
             The game lasted 00:05:35 (2044 turns).

monsoonserge the Digger (GrEE)                      Turns: 2044, Time: 00:05:36

Health: 0/24       AC:  6    Str: 11    XL:     4   Next: 40%
Magic:  6/7        EV: 11    Int: 18    God:
Gold:   282        SH:  0    Dex: 10    Spells: 3/7 levels left

rFire   . . .        k - +0 rapier
rCold   . . .        (no shield)
rNeg    + . .        m - +0 leather armour
rPois   ∞            (no helmet)
rElec   +            (no cloak)
rCorr   .            (no gloves)
SInv    .            (no boots)
Will    .....        (no amulet)
Stlth   ++           (no ring)
HPRegen 0.24/turn    (no ring)
MPRegen 0.10/turn

%: no passive effects
@: no status effects
A: sickness immunity, AC +3, negative energy resistance 1, electricity
resistance, torment resistance 1, petrification resistance
a: no special abilities


You were on level 3 of the Dungeon.
You visited 1 branch of the dungeon, and saw 3 of its levels.

You collected 282 gold pieces.

Inventory:

Hand Weapons
 f - a +0 quarterstaff
 k - a +0 rapier (weapon)
Missiles
 h - 8 poisoned darts
Armour
 a - a +0 robe
 i - a +0 kite shield
 m - a +0 leather armour (worn)
 s - a +0 ring mail
 u - a +0 chain mail
Scrolls
 d - a scroll of fog {unknown}
 j - 2 scrolls of fear {unknown}
 l - a scroll of magic mapping {unknown}
 n - a scroll of noise {unknown}
 o - 2 scrolls of teleportation {unknown}
 p - a scroll of blinking {unknown}
 q - a scroll of poison {unknown}
 t - a scroll of amnesia {unknown}
Potions
 b - a potion of magic
 c - a potion of degeneration {unknown}
 e - 2 potions of curing
 g - 3 potions of attraction {unknown}
 r - a potion of resistance {unknown}
 v - a potion of heal wounds {unknown}


   Skills:
 * Level 1.7 Armour
 + Level 1.8 Dodging
 + Level 2.2 Stealth
 - Level 2.0 Spellcasting
 + Level 0.7 Transmutations
 * Level 5.4 Earth Magic


You had 3 spell levels left.
You knew the following spells:

 Your Spells              Type           Power      Damage    Failure   Level
a - Sandblast             Erth           42%        2d11      2%          1
b - Stone Arrow           Conj/Erth      22%        3d8       24%         3

Your spell library contained the following spells:

 Spells                   Type           Power      Damage    Failure   Level
 Passwall                 Tmut/Erth      10%        N/A       10%         2
 Apportation              Tloc           2%         N/A       24%         1
 Magic Dart               Conj           4%         1d3       24%         1
 Necrotise                Necr           4%         1d4       24%         1
 Summon Small Mammal      Summ           4%         N/A       24%         1
 Wereblood                Tmut           4%         N/A       26%         2
 Scorch                   Fire           2%         2d5       34%         2
 Searing Ray              Conj           2%         2d4       34%         2
 Petrify                  Tmut/Erth      12%        N/A       54%         4
 Flame Wave               Conj/Fire      1%         2d4       93%         4
 Fulminant Prism          Conj/Hex       0%         3d5       93%         4
 Summon Cactus Giant      Summ           0%         N/A       100%        6
 Summon Hydra             Summ           0%         N/A       100%        7
 Sublimation of Blood     Necr           Unusable   N/A       N/A         2

Dungeon Overview and Level Annotations

Branches:
Dungeon (3/15)

Altars:
Zin

Shops:
D:2 *


Innate Abilities, Weirdness & Mutations

You are immune to sickness and miasma.
Your stone body is resilient. (AC +3)
You are immune to poison.
You resist negative energy. (rN+)
You are resistant to electric shocks. (rElec)
You are resistant to unholy torment.
You are immune to petrification.


Message History

Press: ? - help, Shift-Dir - straight line, f - orc
Aim: an orc, wielding a +0 war axe (83% to hit)
The blast of sand misses the orc.
The blast of sand hits the orc!
You kill the orc!
The orc wizard casts a spell at you. You resist with some effort.
The orc closely misses you.
The orc wizard gestures at you while chanting.
You are confused.
You're too confused to cast spells.
Sorry, you're not good enough to have a special ability.
The orc attacks as you move away! The orc hits you with a +0 war axe.
The orc wizard hits you but does no damage.
Things that are here:
a +0 short sword; a +0 ring mail The orc wizard attacks as you move away!
The orc wizard hits you with a +0 dagger.
You puncture the orc!
The orc is almost dead.
You closely miss the orc.
The orc is almost dead.
The orc hits you with a +0 war axe.
The orc wizard points at you and mumbles some strange words.
You resist with some effort.
You closely miss the orc.
The orc is almost dead.
The orc barely misses you. The orc wizard barely misses you.
The orc wizard mumbles some strange words.
The orc wizard flickers and vanishes!
Deactivating autopickup; reactivate with Ctrl-A.
The orc hits you with a +0 war axe.
* * * LOW HITPOINT WARNING * * *
You bump into the rock wall.
You feel less confused. The orc misses you. Something hits you.
* * * LOW HITPOINT WARNING * * *
Unknown command.
It was a potion of curing.
You feel better. The orc hits you with a +0 war axe!
* * * LOW HITPOINT WARNING * * *
Something hits you.
You die...

###############
#......^..)...#####
#.....#######{#...#
#............o@...#
#.....###.###[........
#....## #.# ####......
#.#.## #.# ##..#.
#>#.# #.# .# #.#.# #.#
# #..... #.#.# #.#
##......# #.#.. ..#
......... ##.##.
#......


You could see an orc.

Vanquished Creatures
  5 adders
  3 orcs (D:3)
  2 ball pythons (D:2)
  5 endoplasms
  3 giant cockroaches
  A goblin (D:3)
  2 hobgoblins
  2 bats
  3 frilled lizards
  4 kobolds
  5 rats
35 creatures vanquished.

Notes
Turn   | Place    | Note
-------+----------+-------------------------------------------
     0 | D:1      | monsoonserge the Gargoyle Earth Elementalist began the
                  | quest for the Orb.
     0 | D:1      | Reached XP level 1. HP: 10/10 MP: 3/3
   156 | D:1      | Reached skill level 4 in Earth Magic
   228 | D:1      | Reached XP level 2. HP: 15/15 MP: 3/5
   495 | D:1      | Found a faded altar of an unknown god.
   903 | D:2      | Found a transporter.
   903 | D:2      | Found Ohiutiut's Assorted Antiques.
   905 | D:2      | Found a transporter.
  1092 | D:2      | Reached XP level 3. HP: 19/19 MP: 4/6
  1100 | D:2      | Learned a level 3 spell: Stone Arrow
  1273 | D:2      | Reached skill level 5 in Earth Magic
  1722 | D:3      | Reached skill level 1 in Armour
  1767 | D:3      | Found a glowing silver altar of Zin.
  1826 | D:3      | Reached XP level 4. HP: 24/24 MP: 5/7
  2044 | D:3      | Slain by an orc wizard

Illustrated notes

Levels and vault maps discovered:
D:1:      dpeg_arrival_arbitrary_b, layout_loops_cross, basic_ecumenical_altar,
          minmay_gold_behind_fungi
D:2:      layout_loops_corners, serial_shops, nicolae_shop_drivethru,
          chequers_serial_rivers_large_a
D:3:      layout_loops_ring, lightli_temple_of_fire, zin_statuary

Skill      XL: |  1  2  3 |
---------------+----------+-----
Earth Magic    | 4 5 |  5.4
Armour         | 1 |  1.7
Dodging        | |  1.8
Stealth        | |  2.2
Spellcasting   | |  2.0
Transmutations | |  0.7

Action                     |  1- 3 |  4- 6 || total
---------------------------+-------+-------++-------
  Melee: Quarterstaff      |     1 |       ||     1
         Rapier            |    25 |     9 ||    34
         Punch             |     1 |       ||     1
   Cast: Sandblast         |    20 |    12 ||    32
    Use: Potion            |       |     1 ||     1
   Stab: Sleeping          |     2 |     2 ||     4
 Armour: Leather armour    |    22 |     5 ||    27
  Dodge: Dodged            |    22 |    10 ||    32
